General information
			
			
        
        - name: BNet
 
        - type: Ladder team game (AT/RT)
 
        - host: Battle.net
 
        - saver: DIRTMCWORDUP
 
        
map: Mur'gulOasis 
        - players: 8
 
        - length: 10:06
 
        - speed: Fast
 - version: 1.22 W3XP
 - replay type:  

 
» download(466 KB)
Players
        team 1 (winner) 
              
              
» 
BONE_DRAGONS (
red | 89 APM | 881 actions | 09:55)
              
 2 Death Knight 
 1 Death Coil
 1 Unholy Aura
 1 Lich 
 1 Frost Nova
 
                » actions 
                
                | Assign group hotkey | 34 |  | 
| Basic commands | 23 |  | 
| Build / train | 23 |  | 
| Enter build submenu | 10 |  | 
| Enter hero's abilities submenu | 3 |  | 
| Give item / drop item | 1 |  | 
| Right click | 356 |  | 
| Select / deselect | 110 |  | 
| Select group hotkey | 282 |  | 
| Use ability | 39 |  | 
                881 total
 » units 
                
                | Acolyte | 2 |  | 
| Ghoul | 2 |  | 
| Crypt Fiend | 6 |  | 
                10 total
 » buildings
                
                | Crypt | 1 |  | 
| Ziggurat | 4 |  | 
| Graveyard | 1 |  | 
| Altar of Darkness | 1 |  | 
| Tomb of Relics | 1 |  | 
| Nerubian Tower | 1 |  | 
| Halls of the Dead | 1 |  | 
| Black Citadel | 1 |  | 
| Sacrificial Pit | 1 |  | 
                12 total
 » build order
                00:09 Crypt
00:12 Ziggurat
00:39 Graveyard
00:58 Altar of Darkness
01:39 Ziggurat
02:16 Tomb of Relics
02:53 Nerubian Tower
04:31 Halls of the Dead
04:33 Ziggurat
05:12 Ziggurat
07:36 Black Citadel
08:51 Sacrificial Pit
» items
                
                | Rod of Necromancy | 3 |  | 
| Scroll of Town Portal | 1 |  | 
| Potion of Healing | 1 |  | 
                5 total
  
               
              
              
BURNBURNBURN (
green | 71 APM | 709 actions | 09:55)
              
 3 Death Knight 
 2 Death Coil
 1 Unholy Aura
 1 Lich 
 1 Frost Nova
 
                » actions 
                
                | Assign group hotkey | 53 |  | 
| Build / train | 29 |  | 
| Enter build submenu | 11 |  | 
| Enter hero's abilities submenu | 4 |  | 
| Right click | 275 |  | 
| Select / deselect | 149 |  | 
| Select group hotkey | 159 |  | 
| Use ability | 29 |  | 
                709 total
 » units 
                
                | Acolyte | 4 |  | 
| Ghoul | 2 |  | 
| Crypt Fiend | 7 |  | 
                13 total
 » upgrades
                » buildings
                
                | Crypt | 1 |  | 
| Graveyard | 1 |  | 
| Altar of Darkness | 1 |  | 
| Ziggurat | 4 |  | 
| Tomb of Relics | 1 |  | 
| Nerubian Tower | 1 |  | 
| Halls of the Dead | 1 |  | 
| Black Citadel | 1 |  | 
| Sacrificial Pit | 1 |  | 
| Boneyard | 1 |  | 
                13 total
 » build order
                00:07 Crypt
00:13 Graveyard
00:42 Altar of Darkness
01:02 Ziggurat
01:34 Tomb of Relics
02:19 Ziggurat
02:20 Nerubian Tower
04:23 Halls of the Dead
05:09 Ziggurat
07:11 Black Citadel
08:33 Ziggurat
08:34 Sacrificial Pit
09:42 Boneyard
» items
                
                | Rod of Necromancy | 1 |  | 
| Dust of Appearance | 1 |  | 
| Potion of Lesser Invulnerability | 1 |  | 
| Scroll of Healing | 1 |  | 
| Potion of Healing | 1 |  | 
| Orb of Corruption | 1 |  | 
                6 total
  
               
              
              
Fiar (
blue | 69 APM | 682 actions | 09:55)
              
 3 Mountain King 
 2 Storm Bolt
 1 Bash
 1 Paladin 
 1 Holy Light
 
                » actions 
                
                | Assign group hotkey | 8 |  | 
| Build / train | 43 |  | 
| Enter build submenu | 14 |  | 
| Enter hero's abilities submenu | 4 |  | 
| Give item / drop item | 1 |  | 
| Right click | 423 |  | 
| Select / deselect | 134 |  | 
| Select group hotkey | 17 |  | 
| Use ability | 38 |  | 
                682 total
 » units 
                » upgrades
                
                | Defend | 1 |  | 
| Lumber Harvesting | 1 |  | 
| Storm Hammers | 1 |  | 
| Masonry | 1 |  | 
                4 total
 » buildings
                
                | Barracks | 1 |  | 
| Altar of Kings | 1 |  | 
| Farm | 8 |  | 
| Scout Tower | 3 |  | 
| Arcane Tower | 2 |  | 
| Keep | 1 |  | 
| Arcane Vault | 1 |  | 
| Lumber Mill | 1 |  | 
| Guard Tower | 2 |  | 
| Castle | 2 |  | 
| Gryphon Aviary | 2 |  | 
                24 total
 » build order
                00:11 Barracks
00:14 Altar of Kings
00:27 Farm
00:45 Farm
01:42 Farm
02:06 Scout Tower
02:49 Arcane Tower
02:50 Arcane Tower
03:31 Keep
03:38 Farm
04:19 Arcane Vault
04:44 Lumber Mill
05:20 Scout Tower
05:33 Farm
06:52 Guard Tower
06:56 Castle
06:56 Castle
07:22 Gryphon Aviary
07:23 Gryphon Aviary
08:14 Scout Tower
08:45 Guard Tower
09:25 Farm
09:25 Farm
09:26 Farm
» items
                
                | Scroll of Town Portal | 1 |  | 
| Scroll of Regeneration | 3 |  | 
                4 total
  
               
              
              
» 
urukhai-five (
pink | 64 APM | 636 actions | 09:55)
              
 3 Pandaren Brewmaster 
 1 Drunken Haze
 2 Breath of Fire
 
                » actions 
                
                | Assign group hotkey | 16 |  | 
| Basic commands | 41 |  | 
| Build / train | 39 |  | 
| ESC pressed | 3 |  | 
| Enter build submenu | 14 |  | 
| Enter hero's abilities submenu | 3 |  | 
| Right click | 244 |  | 
| Select / deselect | 142 |  | 
| Select group hotkey | 89 |  | 
| Use ability | 45 |  | 
                636 total
 » units 
                » upgrades
                
                | Ultravision | 1 |  | 
| Improved Bows | 1 |  | 
                2 total
 » buildings
                
                | Ancient of War | 1 |  | 
| Moon Well | 4 |  | 
| Altar of Elders | 1 |  | 
| Hunter's Hall | 1 |  | 
| Tree of Ages | 1 |  | 
| Ancient of Lore | 3 |  | 
                11 total
 » build order
                00:12 Ancient of War
00:21 Moon Well
01:00 Altar of Elders
01:29 Moon Well
02:25 Hunter's Hall
03:26 Tree of Ages
04:00 Moon Well
05:19 Moon Well
05:59 Ancient of Lore
06:01 Ancient of Lore
06:57 Ancient of Lore
» items
                
                | Lesser Clarity Potion | 2 |  | 
| Potion of Mana | 1 |  | 
| Scroll of Town Portal | 1 |  | 
| Boots of Speed | 1 |  | 
                5 total
  
               team 2 (loser) 
              
              
» 
1st_Orc_Div. (
purple | 109 APM | 1081 actions | 09:55)
              
 3 Death Knight 
 2 Death Coil
 1 Unholy Aura
 1 Lich 
 1 Frost Nova
 
                » actions 
                
                | Assign group hotkey | 174 |  | 
| Basic commands | 95 |  | 
| Build / train | 28 |  | 
| Enter build submenu | 15 |  | 
| Enter hero's abilities submenu | 4 |  | 
| Right click | 226 |  | 
| Select / deselect | 190 |  | 
| Select group hotkey | 290 |  | 
| Use ability | 59 |  | 
                1081 total
 » units 
                
                | Acolyte | 3 |  | 
| Ghoul | 3 |  | 
| Crypt Fiend | 8 |  | 
| Makrura Snapper | 2 |  | 
                16 total
 » upgrades
                » buildings
                
                | Crypt | 1 |  | 
| Ziggurat | 5 |  | 
| Altar of Darkness | 1 |  | 
| Graveyard | 1 |  | 
| Nerubian Tower | 2 |  | 
| Tomb of Relics | 1 |  | 
| Halls of the Dead | 1 |  | 
| Slaughterhouse | 1 |  | 
                13 total
 » build order
                00:14 Crypt
00:18 Ziggurat
00:29 Altar of Darkness
01:05 Graveyard
02:11 Ziggurat
02:12 Nerubian Tower
02:13 Tomb of Relics
03:42 Nerubian Tower
04:25 Ziggurat
05:32 Halls of the Dead
05:56 Ziggurat
07:01 Ziggurat
09:26 Slaughterhouse
» items
                 
               
              
              
» 
DIRTMCWORDUP (
teal | 149 APM | 1510 actions | 10:06)
              
 1 Blademaster 
 1 Wind Walk
 1 Shadow Hunter 
 1 Hex
 
                » actions 
                
                | Assign group hotkey | 19 |  | 
| Basic commands | 45 |  | 
| Build / train | 29 |  | 
| ESC pressed | 2 |  | 
| Enter build submenu | 12 |  | 
| Enter hero's abilities submenu | 3 |  | 
| Right click | 718 |  | 
| Select / deselect | 105 |  | 
| Select group hotkey | 533 |  | 
| Use ability | 44 |  | 
                1510 total
 » units 
                » upgrades
                » buildings
                
                | Altar of Storms | 1 |  | 
| Orc Burrow | 4 |  | 
| Barracks | 1 |  | 
| Stronghold | 1 |  | 
| Voodoo Lounge | 1 |  | 
| Beastiary | 4 |  | 
                12 total
 » build order
                00:06 Altar of Storms
00:18 Orc Burrow
00:44 Barracks
01:42 Orc Burrow
02:52 Stronghold
02:56 Voodoo Lounge
03:04 Orc Burrow
06:06 Beastiary
06:32 Beastiary
06:36 Orc Burrow
08:57 Beastiary
09:49 Beastiary
» items
                
                | Healing Salve | 3 |  | 
| Lesser Clarity Potion | 4 |  | 
| Scroll of Speed | 1 |  | 
                8 total
  
               
              
              
» 
Iceberg-Slim (
orange | 82 APM | 817 actions | 09:55)
              
 3 Death Knight 
 2 Death Coil
 1 Unholy Aura
 1 Lich 
 1 Frost Nova
 
                » actions 
                
                | Assign group hotkey | 13 |  | 
| Basic commands | 85 |  | 
| Build / train | 30 |  | 
| Enter build submenu | 9 |  | 
| Enter hero's abilities submenu | 4 |  | 
| Right click | 337 |  | 
| Select / deselect | 134 |  | 
| Select group hotkey | 175 |  | 
| Use ability | 30 |  | 
                817 total
 » units 
                
                | Acolyte | 2 |  | 
| Ghoul | 2 |  | 
| Crypt Fiend | 13 |  | 
                17 total
 » upgrades
                » buildings
                
                | Graveyard | 1 |  | 
| Crypt | 1 |  | 
| Ziggurat | 4 |  | 
| Altar of Darkness | 1 |  | 
| Nerubian Tower | 1 |  | 
| Tomb of Relics | 1 |  | 
| Halls of the Dead | 2 |  | 
| Black Citadel | 1 |  | 
| Sacrificial Pit | 1 |  | 
                13 total
 » build order
                00:13 Graveyard
00:17 Crypt
00:39 Ziggurat
00:55 Altar of Darkness
01:31 Nerubian Tower
01:55 Ziggurat
02:12 Tomb of Relics
04:29 Halls of the Dead
04:29 Halls of the Dead
04:35 Ziggurat
05:57 Ziggurat
08:09 Black Citadel
09:33 Sacrificial Pit
» items
                 
               
              
              
YEAHSHESASSBATS (
yellow | 111 APM | 1106 actions | 09:55)
              
 3 Death Knight 
 2 Death Coil
 1 Unholy Aura
 1 Lich 
 1 Frost Nova
 
                » actions 
                
                | Assign group hotkey | 14 |  | 
| Basic commands | 110 |  | 
| Build / train | 33 |  | 
| ESC pressed | 3 |  | 
| Enter build submenu | 9 |  | 
| Enter hero's abilities submenu | 4 |  | 
| Right click | 422 |  | 
| Select / deselect | 195 |  | 
| Select group hotkey | 277 |  | 
| Use ability | 39 |  | 
                1106 total
 » units 
                
                | Acolyte | 2 |  | 
| Ghoul | 3 |  | 
| Crypt Fiend | 6 |  | 
                11 total
 » upgrades
                » buildings
                
                | Crypt | 1 |  | 
| Graveyard | 1 |  | 
| Altar of Darkness | 1 |  | 
| Ziggurat | 4 |  | 
| Tomb of Relics | 1 |  | 
| Nerubian Tower | 1 |  | 
| Halls of the Dead | 2 |  | 
| Black Citadel | 1 |  | 
| Sacrificial Pit | 1 |  | 
                13 total
 » build order
                00:05 Crypt
00:18 Graveyard
00:41 Altar of Darkness
00:57 Ziggurat
01:27 Tomb of Relics
02:02 Ziggurat
02:49 Nerubian Tower
04:21 Halls of the Dead
04:21 Halls of the Dead
04:41 Ziggurat
06:06 Ziggurat
06:59 Black Citadel
09:33 Sacrificial Pit
» items
                
                | Rod of Necromancy | 4 |  | 
| Lesser Clarity Potion | 1 |  | 
| Scroll of Town Portal | 1 |  | 
| Potion of Mana | 1 |  | 
                7 total
  
                Chat log
          (00:22 / All) DIRTMCWORDUP: good luck........have fun
(00:58 / Allies) 1st_Orc_Div.: this is a great undead map
(01:00 / Allies) 1st_Orc_Div.: every map is
(01:16 / Allies) DIRTMCWORDUP: cant hear ypou
(01:22 / Allies) 1st_Orc_Div.: can't hear me?
(01:23 / Allies) 1st_Orc_Div.: too quiet?
(01:25 / Allies) 1st_Orc_Div.: or not at all?
(01:28 / All) DIRTMCWORDUP: gl hf manner game.....please..
(01:33 / Allies) DIRTMCWORDUP: quiet
(01:36 / Allies) 1st_Orc_Div.: k
(01:39 / All) DIRTMCWORDUP: why so angry kodos
(01:44 / All) Iceberg-Slim: why....
(02:54 / Allies) 1st_Orc_Div.: they suck
(02:58 / Allies) DIRTMCWORDUP: no
(02:59 / Allies) DIRTMCWORDUP: they dont
(03:23 / Allies) 1st_Orc_Div.: meh
(05:15 / Allies) 1st_Orc_Div.: I got 2 slows we should be ok
(05:22 / Allies) 1st_Orc_Div.: no?
(09:55 / Allies) DIRTMCWORDUP: can you see this